 Dungeon Crawl Stone Soup version 0.29.1-15-g9cfb28693d (webtiles) character file.

Game seed: 3805360660603365887

1589 Hugehornet the Protected (level 9, -11/64 HPs)
             Began as a Formicid Fighter on Apr 2, 2023.
             Mangled by an ogre zombie
             ... wielding a +0 giant spiked club of venom
              (20 damage)
             ... on level 6 of the Dungeon.
             The game lasted 00:18:56 (6269 turns).

Hugehornet the Protected (Formicid Fighter)         Turns: 6269, Time: 00:18:57

Health: -11/64     AC: 11    Str: 20    XL:     9   Next: 15%
Magic:  9/9        EV:  7    Int: 13    God:
Gold:   345        SH:  6    Dex: 22    Spells: 8/8 levels left

rFire   . . .      SeeInvis +   s - +7 hand axe of Ethu {vorpal, rCorr Dex+3 Stlth+}
rCold   . . .      Faith    .   c - +0 buckler
rNeg    . . .      Spirit   .   p - +0 chain mail
rPois   .          Reflect  .   (helmet unavailable)
rElec   .          Harm     .   (no cloak)
rCorr   +          Rampage  .   (no gloves)
Will    .....                   (no boots)
Stlth   ..........              (no amulet)
HPRegen 0.20/turn               A - +6 ring of dexterity
MPRegen 0.11/turn               (no ring)

@: lethally poisoned (-11 -> -31)
A: permanent stasis, dig shafts and tunnels, antennae 3, four strong arms
a: Dig, Shaft Self


You were on level 6 of the Dungeon.
You visited 2 branches of the dungeon, and saw 7 of its levels.

You collected 345 gold pieces.

Inventory:

Hand Weapons
 a - a +0 trident
 n - a +1 whip of draining
 s - the +7 hand axe of Ethu (weapon) {vorpal, rCorr Dex+3 Stlth+}
   (You found it on level 2 of the Dungeon)

   It inflicts extra damage upon your enemies.
   Dex:       It affects your dexterity (+3).
   rCorr:     It protects you from acid and corrosion.
   Stlth:     It makes you more stealthy.
 x - a +1 whip of venom
 y - a +1 war axe of freezing
 B - a +1 dagger of holy wrath
 D - a +2 shortbow of flaming
Armour
 c - a +0 buckler (worn)
 p - a +0 chain mail (worn)
Jewellery
 A - a +6 ring of dexterity (left hand)
Wands
 b - a wand of iceblast (9)
Scrolls
 e - 9 scrolls of identify {unknown}
 f - 4 scrolls of amnesia {unknown}
 g - a scroll of fog {unknown}
 h - 7 scrolls of teleportation {unknown}
 j - a scroll of acquirement {unknown}
 l - 3 scrolls of vulnerability {unknown}
 o - a scroll of enchant weapon {unknown}
 t - 2 scrolls of poison {unknown}
 v - 5 scrolls of noise {unknown}
 w - a scroll of enchant armour {unknown}
 E - a scroll of fear {unknown}
 F - a scroll of magic mapping {unknown}
Potions
 d - 2 potions of might
 i - a potion of attraction {unknown}
 k - 2 potions of magic {unknown}
 m - 2 potions of brilliance {unknown}
 q - a potion of haste {unknown}
 r - 3 potions of curing {unknown}
 u - a potion of invisibility {unknown}
 z - a potion of cancellation {unknown}
 C - a potion of flight {unknown}
 G - a potion of resistance


   Skills:
 - Level 3.2 Fighting
 - Level 5.2(6.0) Axes
 - Level 2.0(3.9) Maces & Flails
 - Level 3.4(4.9) Polearms
 - Level 10.0 Armour
 + Level 4.3 Shields


You had 8 spell levels left.
You didn't know any spells.
Your spell library contained the following spells:

 Spells                   Type           Power      Damage    Failure   Level
 Summon Small Mammal      Summ           0%         N/A       95%         1
 Call Canine Familiar     Summ           0%         N/A       100%        3
 Dazzling Flash           Conj/Hex       0%         N/A       100%        3
 Summon Guardian Golem    Hex/Summ       0%         N/A       100%        3
 Agony                    Necr           0%         N/A       100%        5
 Silence                  Hex/Air        0%         N/A       100%        5


Dungeon Overview and Level Annotations

Branches:
Dungeon (6/15)             Temple (1/1) D:5

Altars:
Ashenzari
Cheibriados
Dithmenos
Fedhas
Gozag
Hepliaklqana
Trog
Uskayaw
Vehumet
Wu Jian
Xom
Zin
The Shining One

Annotations:
D:6 1 transporter


Innate Abilities, Weirdness & Mutations

You cannot be hasted, slowed, berserked, paralysed or teleported.
You can dig through walls and to a lower floor.
You have a pair of large antennae on your head. (SInv)
Your four strong arms can wield two-handed weapons with a shield.


Message History

You block the gnoll sergeant zombie's attack.
Okay, then.
Unknown command.
Unknown command.
Unknown command.
Unknown command.
Unknown command.
Press: ? - help, v - describe, . - travel
Here: an ogre zombie, wielding a +0 giant spiked club of venom (moderately damaged)
The floor.
Okay, then.
Unknown command.
You barely miss the ogre zombie.
The ogre zombie is moderately damaged.
You feel very sick.
You block the gnoll sergeant zombie's attack.
The ogre zombie hits you with a +0 giant spiked club of venom!
You are more poisoned.
You slash the ogre zombie!
The ogre zombie is severely damaged.
You feel extremely sick.
You block the gnoll sergeant zombie's attack.
You hit the ogre zombie.
The ogre zombie is severely damaged.
You feel very sick. The ogre zombie barely misses you.
You block the gnoll sergeant zombie's attack.
You hit the ogre zombie.
The ogre zombie is almost destroyed.
* * * LOW HITPOINT WARNING * * *
You feel very sick.
The gnoll sergeant zombie hits you from afar with a +2 spear of venom.
* * * LOW HITPOINT WARNING * * *
You are lethally poisoned!
You hit the ogre zombie.
The ogre zombie is almost destroyed.
* * * LOW HITPOINT WARNING * * *
You feel extremely sick.
The ogre zombie hits you with a +0 giant spiked club of venom!!
You die...

#..................#
#........##.......########
#.....................>...
#####...........##########...#
#........########.°°☼.# ##.#.#
#........#.°○☼°°#.☼°°°###....#
#........#°.☼○°.#○☼°○.###....#
#........#○°#.#Z°○☼.$)#.......
#.......©#☼○©@ZZ°○°.!©#©......
#........#☼°#.#.°○○.$(#.......
##########°.○○○.#○°○°°#.......
#.☼☼☼°○#.○☼☼○#...<...
########.○°°.###.....
##..#..#########.)...
##............##......
#.............##.#.##.
##...|....[#...##.#.##.


You could see a gnoll sergeant zombie, an orc warrior zombie and an ogre zombie.

Vanquished Creatures
  A water moccasin (D:6)
  A black bear (D:4)
  An ice beast (D:6)
  3 phantoms
  A bullfrog (D:6)
  2 scorpions
  A necrophage (D:6)
  5 wights (D:6)
  2 hounds (D:4)
  An orc priest (D:5)
  2 jellies (D:4)
  A gnoll bouda (D:5)
  2 iguanas
  2 orc wizards
  Terence (D:3)
  3 adders
  12 gnolls
  A shadow imp (D:5)
  4 worms
  2 dart slugs
  25 orcs
  5 endoplasms
  A giant cockroach (D:1)
  8 goblins
  7 hobgoblins
  8 jackals
  5 kobolds
  3 quokkas
  8 ball pythons
  5 bats
  4 frilled lizards
  3 rats
130 creatures vanquished.

Vanquished Creatures (others)
  16 plants (D:1)
16 creatures vanquished.

Grand Total: 146 creatures vanquished

Notes
Turn   | Place    | Note
-------+----------+-------------------------------------------
     0 | D:1      | Hugehornet the Formicid Fighter began the quest for the
                  | Orb.
     0 | D:1      | Reached XP level 1. HP: 18/18 MP: 1/1
    45 | D:1      | Reached XP level 2. HP: 18/24 MP: 2/2
   174 | D:1      | Found a faded altar of an unknown god.
   458 | D:1      | Reached XP level 3. HP: 29/29 MP: 3/3
  1250 | D:2      | Reached skill level 1 in Maces & Flails
  1497 | D:2      | Identified the +7 hand axe of Ethu {vorpal, rCorr Dex+3
                  | Stlth+}
  1520 | D:2      | Reached XP level 4. HP: 30/35 MP: 4/4
  2217 | D:3      | Noticed Terence
  2224 | D:3      | Killed Terence
  2225 | D:3      | Reached skill level 1 in Axes
  2365 | D:3      | Reached XP level 5. HP: 41/41 MP: 5/5
  2863 | D:4      | Found a glowing golden altar of the Shining One.
  3027 | D:4      | Noticed a black bear
  3035 | D:4      | Killed a black bear
  3036 | D:4      | Reached XP level 6. HP: 14/47 MP: 6/6
  3339 | D:4      | Reached skill level 5 in Axes
  3362 | D:4      | Reached XP level 7. HP: 48/52 MP: 7/7
  3408 | D:4      | Found a shimmering altar of Xom.
  3462 | D:4      | Reached skill level 4 in Armour
  3870 | D:4      | Reached skill level 5 in Armour
  4553 | D:5      | Entered Level 5 of the Dungeon
  4593 | D:5      | Found a staircase to the Ecumenical Temple.
  4602 | D:5      | Reached skill level 6 in Armour
  4844 | Temple   | Entered the Ecumenical Temple
  4918 | D:5      | Reached XP level 8. HP: 58/58 MP: 8/8
  5145 | D:5      | Reached skill level 7 in Armour
  5449 | D:6      | Found a transporter.
  5505 | D:6      | Reached skill level 8 in Armour
  5620 | D:6      | Found a blossoming altar of Fedhas.
  5832 | D:6      | Reached skill level 9 in Armour
  5915 | D:6      | Found a radiant altar of Vehumet.
  5942 | D:6      | Found a transporter.
  6049 | D:6      | Reached XP level 9. HP: 64/64 MP: 9/9
  6134 | D:6      | Reached skill level 10 in Armour
  6269 | D:6      | Mangled by an ogre zombie

Illustrated notes

Levels and vault maps discovered:
D:1:      lightli_arrival_farm, layout_loops_ring,
          shapermc_ecumenical_altar_venn, hangedman_abyss_or_decor_stabs
D:2:      layout_loops_corners
D:3:      layout_rooms, chequers_decorated_corner, kennysheep_minor_cross,
          guppyfry_early_orc_mine, uniq_terence
D:4:      layout_layer_cave, kennysheep_mini, mainiacjoe_overflow_tiny_flanked,
          minmay_misc_feat_iff
D:5:      layout_rooms, minmay_temple_entry_stoned_glass
D:6:      gammafunk_cloud_chamber, layout_rooms, mainiacjoe_overflow_catwalk,
          mainiacjoe_overflow_concentric_impassable
Temple:   nicolae_temple_cloud_nine

Skill      XL: |  1  2  3  4  5  6  7  8  9 |
---------------+----------------------------+-----
Polearms       | 3 |  3.4
Maces & Flails | 1 2 |  2.0
Axes           | 2 4 5 |  5.2
Armour         | 6 9 10 | 10.0
Fighting       | |  3.2
Shields        | |  4.3

Action                   |  1- 3 |  4- 6 |  7- 9 || total
-------------------------+-------+-------+-------++-------
Melee: Trident           |    59 |       |       ||    59
       Whip              |    27 |    20 |     7 ||    54
       Hand axe          |       |    84 |   178 ||   262
 Stab: Sleeping          |       |     1 |       ||     1
Armor: Scale mail        |    28 |    37 |    51 ||   116
Dodge: Dodged            |    28 |    47 |    45 ||   120
Block: Buckler           |    16 |    17 |    47 ||    80
